 Dungeon Crawl Stone Soup version 0.17.0-24-gcfadda4 (webtiles) character file.

39 Gravenous the Chiller (level 3, -9/21 HPs)
             Began as an Octopode Ice Elementalist on Nov 16, 2015.
             Mangled by Sigmund
             ... wielding a +0 scythe
              (13 damage)
             ... on level 2 of the Dungeon.
             The game lasted 00:01:50 (1002 turns).

Gravenous the Chiller (Octopode Ice Elementalist)   Turns: 1002, Time: 00:01:50

Health: -9/21      AC:  1    Str:  7    XL:     3   Next: 47%
Magic:  1/6        EV: 12    Int: 18    God:
Gold:   94         SH:  0    Dex: 12    Spells: 2 memorised, 2 levels left

rFire  . . .     SeeInvis .     d - +4 short sword
rCold  . . .     Clarity  .     (no shield)
rNeg   . . .     SustAt   .     (helmet restricted)
rPois  .         Gourm    .     (no amulet)
rElec  .         Spirit   .     (no ring)
rCorr  .         Warding  .     (no ring)
rMut   .         Stasis   .     (no ring)
MR     .....                    (no ring)
Stlth  +++.......               (no ring)
                                (no ring)
                                (no ring)
                                (no ring)

@: not resistant to hostile enchantments, fairly stealthy
A: almost no armour, amphibious, 8 rings, constrict 8, camouflage 1, gelatinous
body 1
a: no special abilities


You were on level 2 of the Dungeon.
You were not hungry.

You visited 1 branch of the dungeon, and saw 2 of its levels.

You collected 94 gold pieces.

Inventory:

Hand Weapons
 d - a +4 short sword (weapon)
Wands
 k - a wand of flame (30)
Scrolls
 c - a scroll of identify {unknown}
 e - a scroll of random uselessness {unknown}
 g - 2 scrolls of teleportation {unknown}
 h - 2 scrolls of magic mapping {unknown}
 l - a scroll of remove curse {unknown}
 m - a scroll of blinking {unknown}
Potions
 f - a potion of agility {unknown}
 j - a potion of curing {unknown}
Books
 a - a book of Frost

   Spells                             Type                      Level
   a - Freeze                         Ice                          1
   b - Throw Frost                    Conjuration/Ice              2
   c - Ozocubu's Armour               Charms/Ice                   3
   d - Throw Icicle                   Conjuration/Ice              4
   e - Summon Ice Beast               Ice/Summoning                4
   f - Condensation Shield            Ice                          4
Comestibles
 b - a bread ration
 i - 4 chunks of flesh


   Skills:
 - Level 2.0 Dodging
 + Level 3.3 Stealth
 + Level 2.3 Spellcasting
   Level 1.0 Conjurations
 * Level 3.8 Ice Magic


You had 2 spell levels left.
You knew the following spells:

 Your Spells              Type           Power        Failure   Level  Hunger
a - Freeze                Ice            ###.         4%          1    #......
b - Ozocubu's Armour      Chrm/Ice       #.......     24%         3    ###....


Dungeon Overview and Level Annotations

Branches:
Dungeon (2/15)

Altars:

Annotations:
D:2 Sigmund


Innate Abilities, Weirdness & Mutations

You cannot wear most types of armour.
You are amphibious.
You can wear up to eight rings at the same time.
You can use your tentacles to constrict eight enemies at once.
Your skin changes colour to match your surroundings (Stealth).
Your rubbery body absorbs attacks (AC +1).


Message History

Casting: Freeze
Confirm with . or Enter, or press ? or * to list all spells.
Aiming: Freeze
Press: ? - help, Shift-Dir - straight line, f/p - Sigmund
Aim: Sigmund, wielding a scythe and wearing a robe (severely wounded)
You freeze Sigmund.
Sigmund is almost dead.
Sigmund zaps a wand.
The magic dart hits you!
* * * LOW HITPOINT WARNING * * *
It is a wand of magic darts.
Casting: Freeze
Confirm with . or Enter, or press ? or * to list all spells.
Aiming: Freeze
Press: ? - help, Shift-Dir - straight line, f/p - Sigmund
Aim: Sigmund, wielding a scythe, wearing a robe and carrying a wand of magic darts {zapped: 1} (almost dead)
You freeze Sigmund.
Sigmund is almost dead.
Sigmund hits you with a scythe!
Ouch! That really hurt!
You die...

.. ...####.....
............
............ ###
............. .. ...
#.....##. #. #.#
#....... #.###..#
#....###
##.....#######....###
#...@@.<.............
###.##########.######
#.#### #.# ##.
#....#######.####..
#.........>....#..(
##...#####.........
##### ###.###... ###
##.. ##.


You could see Sigmund.

Vanquished Creatures
  An adder (D:2)
  2 giant geckos
  4 giant cockroaches
  3 hobgoblins
  7 kobolds
  A ball python (D:1)
  4 bats
  3 giant newts (D:1)
  A goblin (D:1)
  2 rats (D:1)
28 creatures vanquished.

Notes
Turn   | Place    | Note
--------------------------------------------------------------
     0 | D:1      | Gravenous the Octopode Ice Elementalist began the quest for the Orb.
     0 | D:1      | Reached XP level 1. HP: 11/11 MP: 3/3
   207 | D:1      | Reached XP level 2. HP: 17/17 MP: 3/5
   734 | D:2      | Reached XP level 3. HP: 17/21 MP: 6/6
   739 | D:2      | Learned a level 3 spell: Ozocubu's Armour
   995 | D:2      | Noticed Sigmund
  1002 | D:2      | Mangled by Sigmund

Action                   || total
-------------------------++-------
Melee: Short sword       ||    28
 Cast: Freeze            ||    18
 Stab: Sleeping          ||    10
